 Dungeon Crawl Stone Soup version 0.32-a0-732-ga344392067 (webtiles) character file.

Game seed: 10461504368412895688

394 Maxmaps the Cutter (level 6, 0/47 HPs)
             Began as a Demonspawn Monk on Mar 16, 2024.
             Was an Initiate of Gozag.
             Slain by Menkaure (16 damage)
             ... on level 5 of the Dungeon.
             The game lasted 00:04:03 (3425 turns).

Maxmaps the Cutter (Demonspawn Monk)                Turns: 3425, Time: 00:04:03

Health: 0/47       AC: 12    Str: 11    XL:     6   Next: 51%
Magic:  6/6        EV: 10    Int: 12    God:    Gozag
Gold:   224        SH: 10    Dex: 16    Spells: 5/5 levels left

rFire   . . .        u - +4 dagger
rCold   . . .        c - orb {light}
rNeg    + . .        x - +0 ring mail
rPois   .            w - +0 helmet
rElec   .            (no cloak)
rCorr   .            n - +1 pair of gloves
SInv    .            (no boots)
Will    .....        m - amulet of magic regeneration
Stlth   +            o - ring of positive energy
HPRegen 0.27/turn    (no ring)
MPRegen 0.60/turn

%: no passive effects
@: glowing
A: large bone plates 2, icemail 1, magic regeneration, condensation shield
a: Renounce Religion, Potion Petition, Call Merchant, Bribe Branch


You were on level 5 of the Dungeon.
You worshipped Gozag.
Gozag was aware of your devotion.
You visited 2 branches of the dungeon, and saw 6 of its levels.

You collected 250 gold pieces.
You spent 26 gold pieces at shops.

Inventory:

Hand Weapons
 e - a +2 dagger of protection
 u - a +4 dagger (weapon)
Missiles
 t - a throwing net (quivered)
Armour
 a - a +0 robe
 c - an orb of light (worn)
 n - a +1 pair of gloves (worn)
 w - a +0 helmet (worn)
 x - a +0 ring mail (worn)
Jewellery
 m - an amulet of magic regeneration (around neck)
 o - a ring of positive energy (left hand)
 r - an amulet of guardian spirit
Wands
 v - a wand of roots (6)
Scrolls
 d - 5 scrolls of teleportation
 f - a scroll of amnesia {unknown}
 q - a scroll of enchant armour
Potions
 b - 2 potions of ambrosia
 g - 2 potions of resistance
 h - a potion of haste {unknown}
 i - a potion of magic {unknown}
 j - 2 potions of might {unknown}
 k - 2 potions of attraction {unknown}
 l - 2 potions of mutation {unknown}
 p - 2 potions of curing {unknown}
 s - a potion of lignification {unknown}


   Skills:
 - Level 3.0 Fighting
 + Level 5.8 Short Blades
 - Level 2.8 Dodging
 - Level 3.1 Unarmed Combat


You had 5 spell levels left.
You didn't know any spells.
Your spell library contained the following spells:

 Spells                   Type           Power      Damage    Failure   Level
 Tukima's Dance           Hex            0%         N/A       94%         3
 Passage of Golubria      Tloc           0%         N/A       100%        4
 Yara's Violent Unravell  Hex/Alch       0%         3d3       100%        5


Dungeon Overview and Level Annotations

Branches:
Dungeon (5/15)             Temple (1/1) D:4

Altars:
Ashenzari
Cheibriados
Dithmenos
Fedhas
Gozag
Hepliaklqana
Kikubaaqudgha
Makhleb
Okawaru
Qazlal
Ru
Sif Muna
Trog
Uskayaw
Vehumet
Wu Jian
Xom

Shops:
D:4 =?[

Annotations:
D:5 Menkaure


Innate Abilities, Weirdness & Mutations

You are mostly covered in large bone plates. (SH +6)
A meltable icy envelope protects you from harm. (AC +4)
You regenerate magic rapidly.
A meltable shield of frost defends you. (SH +4)


Message History

Found 14 gold pieces.
Menkaure gestures at you while chanting.
Pain shoots through your body! Menkaure misses you.
You hit Menkaure.
Menkaure is lightly damaged.
Menkaure hits you.
You barely miss Menkaure.
Menkaure is lightly damaged.
Menkaure hits you!
You hit Menkaure.
Menkaure is moderately damaged.
You hit Menkaure.
Menkaure is moderately damaged.
Menkaure closely misses you.
You hit Menkaure.
Menkaure is moderately damaged.
Menkaure hits you.
You hit Menkaure but do no damage.
Menkaure is moderately damaged.
Menkaure barely misses you.
You completely miss Menkaure.
Menkaure is moderately damaged.
Menkaure calls on the powers of darkness!
Your body is wracked with pain!
You are too injured to fight recklessly!
You are too injured to fight recklessly!
You are too injured to fight recklessly!
You are too injured to fight recklessly!
You are too injured to fight recklessly!
You are too injured to fight recklessly!
You are too injured to fight recklessly!
You are too injured to fight recklessly!
You are too injured to fight recklessly!
You hit Menkaure.
Menkaure is heavily damaged.
Menkaure wails, "Why can't you leave me to my rest?"
Menkaure hits you!
You die...
Your body crumbles into a pile of gold.

.+ .# #.# ############.#
## ## ........#..#.#
#.##. ..........#..##
##..#. ..........#...##
##...#.
..........#....###....#<
.$.....@..#....#......#.
......M...#....#......#.
..........#....#......'.
..........#....+......#.
....###...##...##....###
.... .................#
..P .._..PPPP..PPPP...
.. ..................
#.........#.......


You could see Menkaure (fast).

Vanquished Creatures
  A phantom (D:5)
  A scorpion (D:4)
  A bombardier beetle (D:4)
  7 gnolls (D:4)
  6 adders
  2 dart slugs
  3 ribbon worms
  9 orcs (D:3)
  5 ball pythons
  7 endoplasms
  3 giant cockroaches
  3 goblins
  8 hobgoblins
  7 jackals
  6 quokkas
  9 bats
  3 frilled lizards (D:3)
  4 kobolds
  9 rats
94 creatures vanquished.

Notes
Turn   | Place    | Note
-------+----------+-------------------------------------------
     0 | D:1      | Maxmaps the Demonspawn Monk began the quest for the Orb.
     0 | D:1      | Reached XP level 1. HP: 18/18 MP: 1/1
   233 | D:1      | Gained mutation: A meltable shield of frost defends you.
                  | (SH +4) [demonic ancestry]
   233 | D:1      | Reached XP level 2. HP: 24/24 MP: 2/2
   412 | D:1      | Reached skill level 1 in Short Blades
   741 | D:1      | Gained mutation: You regenerate magic rapidly. [demonic
                  | ancestry]
   741 | D:1      | Reached XP level 3. HP: 29/29 MP: 3/3
  1017 | D:2      | Reached skill level 2 in Short Blades
  1434 | D:2      | Gained mutation: You are partially covered in large bone
                  | plates. (SH +4) [demonic ancestry]
  1434 | D:2      | Reached XP level 4. HP: 35/35 MP: 4/4
  1522 | D:3      | Reached skill level 3 in Short Blades
  2344 | D:4      | Gained mutation: You are mostly covered in large bone
                  | plates. (SH +6) [demonic ancestry]
  2344 | D:4      | Reached XP level 5. HP: 39/41 MP: 5/5
  2408 | D:4      | Found Xezias's Armour Emporium.
  2426 | D:4      | Reached skill level 4 in Short Blades
  2580 | D:4      | Reached skill level 5 in Short Blades
  2837 | D:4      | Gained mutation: A meltable icy envelope protects you from
                  | harm. (AC +4) [demonic ancestry]
  2837 | D:4      | Reached XP level 6. HP: 19/47 MP: 6/6
  2989 | D:4      | Found a staircase to the Ecumenical Temple.
  3040 | Temple   | Entered the Ecumenical Temple
  3047 | Temple   | Became a worshipper of Gozag Ym Sagoz the Greedy
  3102 | D:4      | Found Luon's Magic Scroll Shoppe.
  3107 | D:4      | Bought a scroll of identify for 26 gold pieces
  3345 | D:4      | Found Zaibruc's Jewellery Shop.
  3374 | D:5      | Entered Level 5 of the Dungeon
  3403 | D:5      | Found an ancient bone altar of Kikubaaqudgha.
  3413 | D:5      | Noticed Menkaure
  3425 | D:5      | Slain by Menkaure

Illustrated notes

Levels and vault maps discovered:
D:1:      kilobyte_arrival_exit_the_forest, layout_basic, serial_glass,
          glass_columns_b, glass_columns_a, glass_columns_b, glass_columns_b,
          glass_columns_c
D:2:      layout_basic, minmay_misc_feat_tower
D:3:      layout_basic, minmay_joined_circles
D:4:      layout_loops_cross, minmay_temple_entry_statues_fountains,
          serial_shops, shop, kennysheep_mini_moat,
          nicolae_shop_just_a_little_nook
D:5:      layout_gridville, amethyst_overflow_temple_binary,
          mainiacjoe_overflow_boulevard, uniq_menkaure
Temple:   hellmonk_temple_of_storms

Skill      XL: |  1  2  3  4  5 |
---------------+----------------+-----
Unarmed Combat | 3 |  3.1
Short Blades   | 1 2 3 5 |  5.8
Fighting       | |  3.0
Dodging        | |  2.8

Action                     |  1- 3 |  4- 6 || total
---------------------------+-------+-------++-------
  Melee: Unarmed           |    25 |       ||    25
         Dagger            |   126 |   227 ||   353
    Use: Scroll            |       |     4 ||     4
 Armour: Robe              |    79 |   101 ||   180
         Ring mail         |       |    12 ||    12
  Dodge: Dodged            |   108 |   127 ||   235

Table legend: (Time is in decaauts)
 A = Elapsed time spent in this place.
 B = Non-inter-level travel time spent in this place.
 C = Inter-level travel time spent in this place.
 D = Time resting spent in this place.
 E = Time spent auto-exploring this place.
 F = Levels seen in this place.
 G = Mean time per level.
                   A        B        C        D        E       F      G
               +--------+--------+--------+--------+--------+-----+--------+
         Total |   3370 |   3251 |    119 |    161 |   2423 |   6 |  561.7 |
       Dungeon |   3355 |   3248 |    107 |    161 |   2423 |   5 |  671.0 |
        Temple |     14 |      2 |     12 |      0 |      0 |   1 |   14.0 |
               +--------+--------+--------+--------+--------+-----+--------+

Top non-repeatable levels by time:
     D:4: 1013 daAuts
     D:1: 949 daAuts
     D:3: 806 daAuts
     D:2: 539 daAuts
     D:5: 46 daAuts
  Temple: 14 daAuts
